[Event "European Online Club-ch-F 2021"]
[Site "Online"]
[Date "2021.03.27"]
[Round "4.9"]
[White "Gorodetzky, Matan"]
[Black "Gokerkan, Cem Kaan"]
[Result "0-1"]
[ECO "B22"]
[WhiteElo "2253"]
[BlackElo "2470"]
[Annotator "ChessBase"]
[PlyCount "74"]
[EventDate "2021.03.27"]
[EventType "team-tourn"]
[EventCountry "NET"]
[SourceTitle "playchess.com"]
[Source "ChessBase"]
[SourceQuality "1"]
[TimeControl "900+5"]

1. e4 c5 2. c3 Nf6 3. e5 Nd5 4. d4 cxd4 5. cxd4 d6 6. Nf3 Bd7 7. Bc4 Bc6 8. O-O e6 9. Nc3 Be7 10. Ne4 dxe5 11. dxe5 O-O 12. Qe2 Nd7 13. b3 a6 14. Bb2 b5 15. Bd3 Nf4 16. Qe3 Nxd3 17. Qxd3 Nxe5 18. Nxe5 Qxd3 19. Nxd3 Bxe4 20. Rfd1 Rfd8 21. Ne5 f6 22. Re1 Bb7 23. Ng4 Kf7 24. Ne3 Rd2 25. Bc3 Rd3 26. Ba5 Rc8 27. Rac1 Rxc1 28. Rxc1 Rd7 29. Kf1 g5 30. Ke2 f5 31. f3 h5 32. h3 f4 33. Nf1 e5 34. Nd2 Ke6 35. Bb6 Bb4 36. Rc2 Kf5 37. Bc5 Rc7 0-1

[Event "European Online Club-ch-F 2021"]
[Site "Online"]
[Date "2021.03.27"]
[Round "4.10"]
[White "Can, Isik"]
[Black "Katkov, Michelle"]
[Result "1-0"]
[ECO "C68"]
[WhiteElo "2380"]
[BlackElo "2078"]
[Annotator "NA"]
[PlyCount "27"]
[EventDate "2021.03.27"]
[EventType "team-tourn"]
[EventCountry "NET"]
[SourceTitle "playchess.com"]
[Source "ChessBase"]
[SourceQuality "1"]
[TimeControl "900+5"]

1. e4 e5 2. Nf3 Nc6 3. Bb5 a6 4. Bxc6 dxc6 5. O-O Qd6 6. Na3 b5 7. c3 c5 8. Nc2 Bb7 9. Re1 Nf6 10. d4 cxd4 11. cxd4 Bxe4 12. Bg5 Bxf3 13. Qxf3 e4 14. Bxf6 1-0

[Event "European Online Club-ch-F 2021"]
[Site "Online"]
[Date "2021.03.27"]
[Round "4.11"]
[White "Stolyarsky, Yegor"]
[Black "Ozen, Bahadir"]
[Result "0-1"]
[ECO "A41"]
[WhiteElo "2063"]
[BlackElo "2369"]
[Annotator "NA"]
[PlyCount "54"]
[EventDate "2021.03.27"]
[EventType "team-tourn"]
[EventCountry "NET"]
[SourceTitle "playchess.com"]
[Source "ChessBase"]
[SourceQuality "1"]
[TimeControl "900+5"]

1. d4 d6 2. Nf3 Bg4 3. g3 Bxf3 4. exf3 c6 5. f4 e6 6. h4 h5 7. Bh3 g6 8. c4 d5 9. O-O Bg7 10. Nc3 Ne7 11. Re1 O-O 12. Be3 dxc4 13. Ne4 Nd7 14. Ng5 Nf5 15. g4 hxg4 16. Qxg4 Nf6 17. Qe2 b5 18. Kh2 Nxd4 19. Bxd4 Qxd4 20. Ne4 Nxe4 21. Qxe4 Qxf2+ 22. Kh1 Qxh4 23. Re3 Rad8 24. Rg1 Rd4 25. Qxc6 Rxf4 26. Qxb5 Bd4 27. Reg3 Bxg1 0-1

[Event "European Online Club-ch-F 2021"]
[Site "Online"]
[Date "2021.03.27"]
[Round "4.12"]
[White "Kamer, Kayra"]
[Black "Gleizer, Adar"]
[Result "1-0"]
[ECO "C77"]
[WhiteElo "2339"]
[BlackElo "1833"]
[Annotator "NA"]
[PlyCount "85"]
[EventDate "2021.03.27"]
[EventType "team-tourn"]
[EventCountry "NET"]
[SourceTitle "playchess.com"]
[Source "ChessBase"]
[SourceQuality "1"]
[TimeControl "900+5"]

1. e4 e5 2. Nf3 Nc6 3. Bb5 a6 4. Ba4 Nf6 5. Bxc6 dxc6 6. d3 Bd6 7. Nbd2 Be6 8. b3 Nd7 9. Bb2 Qf6 10. Qe2 O-O-O 11. O-O-O Qe7 12. Kb1 Ba3 13. Ba1 f6 14. h3 Nb6 15. d4 exd4 16. Nxd4 Rhe8 17. Rhe1 Qb4 18. Nxe6 Rxe6 19. Qg4 Rde8 20. Nf3 Na4 21. Re3 h5 22. Qf5 c5 23. e5 Kb8 24. Qe4 c4 25. Rd4 Nc5 26. Qd5 fxe5 27. Rxc4 Qb6 28. Bxe5 R8e7 29. Bd4 Rxe3 30. fxe3 Rd7 31. Qxd7 Nxd7 32. Bxb6 Nxb6 33. Rd4 Kc8 34. c4 Nd7 35. Kc2 Bc5 36. Rd5 Bxe3 37. Rxh5 Nf6 38. Rf5 Kd7 39. Kd3 Bc1 40. g4 Ke6 41. Nd4+ Ke7 42. Rf1 Nd7 43. Rxc1 1-0

[Event "European Online Club-ch-F 2021"]
[Site "Online"]
[Date "2021.03.27"]
[Round "4.15"]
[White "Van Wely, Loek"]
[Black "Druska, Juraj"]
[Result "0-1"]
[ECO "D36"]
[WhiteElo "2620"]
[BlackElo "2495"]
[Annotator "ChessBase"]
[PlyCount "68"]
[EventDate "2021.03.27"]
[EventType "team-tourn"]
[EventCountry "NET"]
[SourceTitle "playchess.com"]
[Source "ChessBase"]
[SourceQuality "1"]
[TimeControl "900+5"]

1. d4 d5 2. c4 e6 3. Nc3 Nf6 4. cxd5 exd5 5. Bg5 c6 6. e3 Bd6 7. Bd3 O-O 8. Qc2 h6 9. Bh4 Re8 10. Nge2 Nbd7 11. h3 Nf8 12. O-O-O b5 13. Kb1 a5 14. g4 a4 15. g5 Nh5 16. Rhg1 Ne6 17. f4 hxg5 18. Bxg5 Qa5 19. Ng3 Nxg3 20. Rxg3 b4 21. Qg2 bxc3 22. Bf6 Bf8 23. Rg1 Rb8 24. Kc1 Rxb2 25. Rxg7+ Nxg7 26. Qxg7+ Bxg7 27. Rxg7+ Kf8 28. Bh7 Rb1+ 29. Bxb1 c2 30. Bxc2 Qe1+ 31. Kb2 Bf5 32. Bxf5 Rxe3 33. Rh7 a3+ 34. Kc2 Rc3# 0-1

[Event "European Online Club-ch-F 2021"]
[Site "Online"]
[Date "2021.03.27"]
[Round "4.16"]
[White "Jablonicky, Martin"]
[Black "Hamdouchi, Hicham"]
[Result "1-0"]
[ECO "B33"]
[WhiteElo "2298"]
[BlackElo "2561"]
[Annotator "ChessBase"]
[PlyCount "159"]
[EventDate "2021.03.27"]
[EventType "team-tourn"]
[EventCountry "NET"]
[SourceTitle "playchess.com"]
[Source "ChessBase"]
[SourceQuality "1"]
[TimeControl "900+5"]

1. e4 c5 2. Nf3 Nc6 3. d4 cxd4 4. Nxd4 Qb6 5. Nb3 Nf6 6. Nc3 e6 7. Bd3 a6 8. O-O Be7 9. Kh1 Qc7 10. f4 d6 11. a4 b6 12. f5 exf5 13. Bg5 Nb4 14. Nd4 fxe4 15. Nxe4 Nxd3 16. Qxd3 Nxe4 17. Qxe4 Bb7 18. Qe2 f6 19. Ne6 Qc6 20. Nxg7+ Kd7 21. Rae1 Kc8 22. Qg4+ Kb8 23. Bf4 h5 24. Qg6 Bd8 25. Nf5 Ka7 26. Nxd6 Bc7 27. Nxb7 Rag8 28. Qe4 Qxe4 29. Rxe4 Bxf4 30. Rfxf4 Kxb7 31. Re7+ Kc8 32. Rxf6 Re8 33. Rxe8+ Rxe8 34. h3 Kc7 35. Rf2 Re4 36. b3 h4 37. Kh2 Kd6 38. g3 hxg3+ 39. Kxg3 Re3+ 40. Kg4 Ke5 41. h4 Re1 42. Rh2 Rg1+ 43. Kf3 Rg6 44. h5 Rh6 45. Kg4 Kf6 46. Rf2+ Kg7 47. Kg5 Rc6 48. Rh2 Rc5+ 49. Kf4 Kh6 50. Ke4 a5 51. Kd4 Rg5 52. Kc4 Rf5 53. c3 Rc5+ 54. Kd4 Rg5 55. b4 Rg4+ 56. Kd5 axb4 57. c4 b3 58. Rb2 Rg3 59. Kc6 Rc3 60. Kb5 Kxh5 61. Kb4 Re3 62. Rxb3 Re5 63. Rd3 Kg4 64. Rd6 Re1 65. Rxb6 Ra1 66. Rd6 Kf5 67. c5 Ke5 68. Rd8 Rb1+ 69. Kc4 Ke6 70. c6 Ke7 71. Rd2 Rc1+ 72. Kb5 Rb1+ 73. Kc5 Rc1+ 74. Kb6 Ra1 75. a5 Rb1+ 76. Kc7 Ra1 77. Re2+ Kf7 78. Kb7 Rb1+ 79. Kc8 Ra1 80. c7 1-0

[Event "European Online Club-ch-F 2021"]
[Site "Online"]
[Date "2021.03.27"]
[Round "4.17"]
[White "Kovalenko, Igor"]
[Black "Kovalev, Vladislav"]
[Result "1/2-1/2"]
[ECO "D55"]
[WhiteElo "2643"]
[BlackElo "2648"]
[Annotator "ChessBase"]
[PlyCount "198"]
[EventDate "2021.03.27"]
[EventType "team-tourn"]
[EventCountry "NET"]
[SourceTitle "playchess.com"]
[Source "ChessBase"]
[SourceQuality "1"]
[TimeControl "900+5"]

1. d4 Nf6 2. Nf3 e6 3. c4 d5 4. Nc3 Be7 5. Bg5 h6 6. Bxf6 Bxf6 7. e3 O-O 8. Rc1 c6 9. h3 Nd7 10. a3 a6 11. cxd5 exd5 12. Bd3 Re8 13. O-O Nf8 14. b4 Qe7 15. Qb3 Ne6 16. Rfe1 Ng5 17. Qd1 a5 18. Nxg5 hxg5 19. bxa5 Qxa3 20. Qh5 Be6 21. Qh7+ Kf8 22. e4 dxe4 23. Nxe4 Qxd3 24. Nxf6 Qxh7 25. Nxh7+ Ke7 26. d5 cxd5 27. Rc7+ Kd6 28. Rxb7 g4 29. hxg4 Rxa5 30. Ng5 Ra6 31. f3 Re7 32. Rb2 Rea7 33. Kh2 Ke7 34. Ree2 Kf6 35. Nh3 g5 36. Nf2 Ra3 37. Nh1 Rd7 38. Ng3 Ra8 39. Rb6 Rad8 40. Kg1 Rd6 41. Rb5 Kg6 42. Rd2 R6d7 43. Rd4 Rc8 44. Rb2 Rc4 45. Rd3 Rdc7 46. Ne2 Rc2 47. Rxc2 Rxc2 48. Nd4 Rc4 49. Kf2 Kf6 50. Ke3 Ke5 51. g3 Kf6 52. Ra3 Rc8 53. Ra6 Rc3+ 54. Kd2 Rc4 55. Ke3 Rc3+ 56. Kd2 Rc4 57. Kd3 Ke5 58. Ne2 Rb4 59. f4+ gxf4 60. gxf4+ Rxf4 61. Nxf4 Kxf4 62. Kd4 Kxg4 63. Ke5 Kg5 64. Ra1 Bg4 65. Kxd5 f6 66. Rf1 Bh3 67. Rf2 Bg4 68. Ke4 Bh3 69. Rf4 Bg2+ 70. Ke3 Bh3 71. Rb4 Be6 72. Kf3 Bd5+ 73. Kg3 Be6 74. Rb5+ Bf5 75. Ra5 Kg6 76. Kf4 Bc2 77. Ra2 Bd3 78. Rd2 Bb1 79. Rg2+ Kf7 80. Ke3 Bf5 81. Kd4 Bh7 82. Kd5 Bf5 83. Kd6 Be4 84. Rf2 Bh7 85. Rf3 Be4 86. Re3 Bf5 87. Rc3 Bg4 88. Rc4 Bf5 89. Rb4 Bh3 90. Ra4 Bf5 91. Ra7+ Kf8 92. Kd5 Bg4 93. Ke4 Be6 94. Kf4 Kg8 95. Kg3 Bf7 96. Kg4 Bg6 97. Rc7 Kf8 98. Kf4 Kg8 99. Ra7 Kf8 1/2-1/2

[Event "European Online Club-ch-F 2021"]
[Site "Online"]
[Date "2021.03.27"]
[Round "4.18"]
[White "Azarov, Sergei"]
[Black "Moiseenko, Alexander"]
[Result "1-0"]
[ECO "B33"]
[WhiteElo "2604"]
[BlackElo "2620"]
[Annotator "ChessBase"]
[PlyCount "85"]
[EventDate "2021.03.27"]
[EventType "team-tourn"]
[EventCountry "NET"]
[SourceTitle "playchess.com"]
[Source "ChessBase"]
[SourceQuality "1"]
[TimeControl "900+5"]

1. e4 c5 2. Nf3 Nc6 3. d4 cxd4 4. Nxd4 Nf6 5. Nc3 e5 6. Ndb5 d6 7. Nd5 Nxd5 8. exd5 Nb8 9. Qf3 a6 10. Qa3 Be7 11. Bg5 f6 12. Be3 O-O 13. O-O-O Bf5 14. Be2 Nd7 15. Nc3 Bg6 16. g4 f5 17. gxf5 Bxf5 18. Qb4 b5 19. Bd3 Bxd3 20. Rxd3 Nc5 21. Bxc5 dxc5 22. Qg4 c4 23. Rg3 Rf7 24. Rd1 Bh4 25. Rg2 b4 26. Ne4 c3 27. Kb1 Raa7 28. d6 Kh8 29. Qe6 h6 30. Qxe5 cxb2 31. f4 a5 32. Rg6 Kh7 33. Rdg1 a4 34. Qxb2 b3 35. cxb3 axb3 36. axb3 Qa8 37. Qd4 Ra1+ 38. Kc2 Ra2+ 39. Kd3 Qa6+ 40. Qc4 Qa7 41. Nc5 Bf6 42. Qe4 Kg8 43. Rxh6 1-0

[Event "European Online Club-ch-F 2021"]
[Site "Online"]
[Date "2021.03.27"]
[Round "4.19"]
[White "Smirin, Ilia"]
[Black "Zhigalko, Andrey"]
[Result "1-0"]
[ECO "C70"]
[WhiteElo "2614"]
[BlackElo "2517"]
[Annotator "ChessBase"]
[PlyCount "91"]
[EventDate "2021.03.27"]
[EventType "team-tourn"]
[EventCountry "NET"]
[SourceTitle "playchess.com"]
[Source "ChessBase"]
[SourceQuality "1"]
[TimeControl "900+5"]

1. e4 e5 2. Nf3 Nc6 3. Bb5 a6 4. Ba4 b5 5. Bb3 g6 6. c3 Bg7 7. d4 exd4 8. cxd4 Nge7 9. d5 Na5 10. Bd2 Nxb3 11. Qxb3 c5 12. Bc3 f6 13. a3 d6 14. O-O O-O 15. Nbd2 g5 16. Qc2 Ng6 17. b4 g4 18. Ne1 cxb4 19. axb4 Ra7 20. Bd4 Rc7 21. Qb2 f5 22. Bxg7 Rxg7 23. Nc2 Nf4 24. Ra3 Bb7 25. Ne3 fxe4 26. Nxe4 Qe7 27. Ng3 Rg5 28. Rc1 Bxd5 29. Nxd5 Rxd5 30. Rxa6 Nd3 31. Qb3 Qf7 32. Rf1 Rd4 33. Qc3 Qc4 34. Qa1 Qxb4 35. Ra8 Rdf4 36. Nh5 R4f7 37. Rxf8+ Kxf8 38. Qh8+ Ke7 39. Ng7 Ne5 40. Qxh7 Qf4 41. Qh8 Qg5 42. Qe8+ Kf6 43. Ne6 Qg6 44. Nd8 Re7 45. Qf8+ Kg5 46. Qxe7+ 1-0

[Event "European Online Club-ch-F 2021"]
[Site "Online"]
[Date "2021.03.27"]
[Round "4.20"]
[White "Kazakouski, Valery"]
[Black "Fridman, Daniel"]
[Result "1/2-1/2"]
[ECO "A13"]
[WhiteElo "2476"]
[BlackElo "2601"]
[Annotator "ChessBase"]
[PlyCount "99"]
[EventDate "2021.03.27"]
[EventType "team-tourn"]
[EventCountry "NET"]
[SourceTitle "playchess.com"]
[Source "ChessBase"]
[SourceQuality "1"]
[TimeControl "900+5"]

1. Nf3 d5 2. c4 e6 3. g3 Nf6 4. b3 d4 5. Bg2 c5 6. e3 Nc6 7. exd4 cxd4 8. O-O Bd6 9. d3 O-O 10. Bg5 h6 11. Bxf6 Qxf6 12. a3 a5 13. Nbd2 Qe7 14. Qc1 f5 15. Re1 e5 16. c5 Bc7 17. Rb1 Qf6 18. b4 axb4 19. axb4 Be6 20. b5 Ne7 21. Nc4 e4 22. dxe4 fxe4 23. Rxe4 Bd5 24. Qe1 Nf5 25. Nfd2 Ra2 26. Re8 Bxg2 27. Rxf8+ Qxf8 28. Qe6+ Kh7 29. Kxg2 Qxc5 30. Ne4 Qxc4 31. Qxf5+ Kh8 32. b6 Bd8 33. Qd7 Bg5 34. Qxb7 Be3 35. Qb8+ Kh7 36. Qe5 Qf7 37. Rf1 d3 38. Kg1 Bxb6 39. Qd6 Qb3 40. Qd7 Ra7 41. Qf5+ Kh8 42. Qc8+ Kh7 43. Qf5+ Kh8 44. Rc1 Ra8 45. Rc8+ Rxc8 46. Qxc8+ Kh7 47. Qf5+ Kh8 48. Qc8+ Kh7 49. Qf5+ Kh8 50. Qc8+ 1/2-1/2

[Event "European Online Club-ch-F 2021"]
[Site "Online"]
[Date "2021.03.27"]
[Round "5.1"]
[White "Agrest, Evgenij"]
[Black "Pulkkinen, Kari"]
[Result "1-0"]
[ECO "D00"]
[WhiteElo "2568"]
[BlackElo "2256"]
[Annotator "ChessBase"]
[PlyCount "51"]
[EventDate "2021.03.27"]
[EventType "team-tourn"]
[EventCountry "NET"]
[SourceTitle "playchess.com"]
[Source "ChessBase"]
[SourceQuality "1"]
[TimeControl "900+5"]

1. d4 Nf6 2. Nc3 d5 3. Bf4 c6 4. e3 g6 5. h4 h5 6. Be2 Bg7 7. Nf3 Bg4 8. Ne5 Bxe2 9. Qxe2 Nfd7 10. Nf3 Nf6 11. O-O-O Nbd7 12. Ne5 e6 13. f3 Nxe5 14. Bxe5 Qa5 15. Kb1 O-O-O 16. e4 Ne8 17. Qf2 Rg8 18. g4 Rh8 19. Rhe1 Nf6 20. Qg3 Ne8 21. a3 Bxe5 22. dxe5 Qc7 23. Ne2 dxe4 24. fxe4 Rxd1+ 25. Rxd1 Nf6 26. exf6 1-0

[Event "European Online Club-ch-F 2021"]
[Site "Online"]
[Date "2021.03.27"]
[Round "5.2"]
[White "Graeffe, Petri"]
[Black "Zhigalko, Andrey"]
[Result "0-1"]
[ECO "A35"]
[WhiteElo "2043"]
[BlackElo "2517"]
[Annotator "ChessBase"]
[PlyCount "84"]
[EventDate "2021.03.27"]
[EventType "team-tourn"]
[EventCountry "NET"]
[SourceTitle "playchess.com"]
[Source "ChessBase"]
[SourceQuality "1"]
[TimeControl "900+5"]

1. Nf3 c5 2. e3 g6 3. c4 Bg7 4. d4 Nf6 5. Nc3 O-O 6. Be2 cxd4 7. exd4 d5 8. O-O Nc6 9. cxd5 Nxd5 10. Bc4 Nxc3 11. bxc3 Na5 12. Bd3 Be6 13. Qe2 Rc8 14. Bd2 Bc4 15. Rfe1 e6 16. Bf4 Bxd3 17. Qxd3 Nc4 18. Rab1 Qd5 19. a4 Rfd8 20. Rb5 Qc6 21. Rb4 Nb6 22. a5 Nd5 23. Be5 f6 24. Bg3 Nxb4 25. cxb4 Qd5 26. Qe3 Rc6 27. h4 Rdc8 28. Kh2 h6 29. Qe2 a6 30. Qd3 Kf7 31. Qe3 g5 32. Nd2 Rc3 33. Qe4 f5 34. Qxd5 exd5 35. Nf3 f4 36. hxg5 fxg3+ 37. fxg3 Rxf3 38. gxf3 hxg5 39. Kh3 Rc4 40. Kg4 Kf6 41. b5 axb5 42. Rb1 Rxd4+ 0-1

[Event "European Online Club-ch-F 2021"]
[Site "Online"]
[Date "2021.03.27"]
[Round "5.3"]
[White "Kazakouski, Valery"]
[Black "Puittinen, Mika"]
[Result "1-0"]
[ECO "A96"]
[WhiteElo "2476"]
[BlackElo "2007"]
[Annotator "ChessBase"]
[PlyCount "63"]
[EventDate "2021.03.27"]
[EventType "team-tourn"]
[EventCountry "NET"]
[SourceTitle "playchess.com"]
[Source "ChessBase"]
[SourceQuality "1"]
[TimeControl "900+5"]

1. Nf3 e6 2. c4 f5 3. g3 Nf6 4. Bg2 Be7 5. O-O O-O 6. d4 d6 7. Nc3 Ne4 8. Qd3 Nxc3 9. bxc3 Nc6 10. e4 e5 11. dxe5 dxe5 12. Qd5+ Kh8 13. Re1 Bf6 14. Ba3 Re8 15. Rad1 Be6 16. Qb5 Qc8 17. exf5 Bxf5 18. Nd2 a6 19. Qa4 b5 20. cxb5 axb5 21. Qxb5 Rxa3 22. Bxc6 Rd8 23. Nc4 Rxa2 24. Rxd8+ Qxd8 25. Nxe5 Be6 26. Nd7 Bg8 27. Bd5 Bxc3 28. Bxg8 Ra5 29. Qd3 Rh5 30. Qxc3 Kxg8 31. Qc4+ Kh8 32. Qf7 1-0

[Event "European Online Club-ch-F 2021"]
[Site "Online"]
[Date "2021.03.27"]
[Round "5.4"]
[White "Kivilahti, Rami"]
[Black "Meribanov, Vitaly"]
[Result "0-1"]
[ECO "A46"]
[WhiteElo "1962"]
[BlackElo "2406"]
[Annotator "NA"]
[PlyCount "94"]
[EventDate "2021.03.27"]
[EventType "team-tourn"]
[EventCountry "NET"]
[SourceTitle "playchess.com"]
[Source "ChessBase"]
[SourceQuality "1"]
[TimeControl "900+5"]

1. d4 Nf6 2. Nf3 c5 3. c3 g6 4. Qb3 Bg7 5. Bg5 O-O 6. Nbd2 d6 7. e4 Nbd7 8. Be2 Qc7 9. h3 a6 10. a4 b6 11. O-O e6 12. Rfe1 Bb7 13. Bf1 h6 14. Bf4 e5 15. dxe5 dxe5 16. Bh2 Rad8 17. Rad1 Rfe8 18. Qc2 Nb8 19. g4 Bc6 20. b4 b5 21. a5 c4 22. Bg3 Nbd7 23. Bg2 Qb7 24. Nh2 Nf8 25. Nhf1 N8h7 26. Bh4 Ng5 27. Bxg5 hxg5 28. Ng3 Rd3 29. Bf1 Rd7 30. Nf3 Rxd1 31. Qxd1 Nxe4 32. Nxe4 Bxe4 33. Nxg5 Bd5 34. Qe2 e4 35. Qe3 Bh6 36. Qf4 Qe7 37. h4 f6 38. Qd2 Qe5 39. f4 e3 40. fxe5 exd2 41. Rd1 fxg5 42. Rxd2 Rxe5 43. hxg5 Bxg5 44. Rd4 Be3+ 45. Kh2 Bxd4 46. cxd4 Re4 47. Bg2 Rxd4 0-1

[Event "European Online Club-ch-F 2021"]
[Site "Online"]
[Date "2021.03.27"]
[Round "5.5"]
[White "Pechac, Jergus"]
[Black "Kovalenko, Igor"]
[Result "1/2-1/2"]
[ECO "D17"]
[WhiteElo "2507"]
[BlackElo "2643"]
[Annotator "ChessBase"]
[PlyCount "127"]
[EventDate "2021.03.27"]
[EventType "team-tourn"]
[EventCountry "NET"]
[SourceTitle "playchess.com"]
[Source "ChessBase"]
[SourceQuality "1"]
[TimeControl "900+5"]

1. d4 Nf6 2. c4 c6 3. Nf3 d5 4. Nc3 dxc4 5. a4 Bf5 6. Ne5 Nbd7 7. Nxc4 Nb6 8. e3 Nxc4 9. Bxc4 e6 10. a5 Be7 11. f3 O-O 12. e4 Bg6 13. Be3 Qc7 14. O-O b5 15. axb6 axb6 16. Qb3 b5 17. Be2 Qb7 18. Rfd1 Rxa1 19. Rxa1 Ra8 20. Rd1 Qa7 21. Kf2 Qa5 22. Rc1 h6 23. g3 Nd7 24. Nb1 Ra6 25. Nd2 Bg5 26. f4 Be7 27. Qc2 Nf6 28. Bf3 Nd5 29. Qb3 Nxe3 30. Kxe3 Qb6 31. Qc3 Ra4 32. Nb3 Rc4 33. Qd2 e5 34. Be2 exd4+ 35. Nxd4 Rxc1 36. Qxc1 c5 37. Nxb5 Qe6 38. Nc3 c4 39. Bf3 Bc5+ 40. Ke2 Bd4 41. Qd2 Bxc3 42. bxc3 Bxe4 43. Bxe4 Qxe4+ 44. Qe3 Qg2+ 45. Qf2 Qh1 46. Ke3 Qc6 47. Qd2 Qe6+ 48. Kf2 h5 49. Qe2 Qb6+ 50. Kg2 Qc6+ 51. Qf3 Qd6 52. Qe2 Qd5+ 53. Kf2 g6 54. Qe8+ Kh7 55. Qe5 Qd2+ 56. Kg1 Qd3 57. Kg2 Kg8 58. Qe8+ Kg7 59. Qe5+ Kf8 60. Kf2 Qd2+ 61. Kg1 Qd3 62. Kf2 Qd2+ 63. Kg1 Qd3 64. Kf2 1/2-1/2

[Event "European Online Club-ch-F 2021"]
[Site "Online"]
[Date "2021.03.27"]
[Round "5.6"]
[White "Smirin, Ilia"]
[Black "Zwardon, Vojtech"]
[Result "1-0"]
[ECO "B31"]
[WhiteElo "2614"]
[BlackElo "2466"]
[Annotator "ChessBase"]
[PlyCount "61"]
[EventDate "2021.03.27"]
[EventType "team-tourn"]
[EventCountry "NET"]
[SourceTitle "playchess.com"]
[Source "ChessBase"]
[SourceQuality "1"]
[TimeControl "900+5"]

1. e4 c5 2. Nf3 Nc6 3. Bb5 g6 4. c3 Nf6 5. e5 Nd5 6. O-O Bg7 7. d4 cxd4 8. cxd4 d6 9. Nc3 dxe5 10. Nxe5 Nxc3 11. bxc3 Bxe5 12. Bxc6+ bxc6 13. dxe5 Ba6 14. Qf3 Qd5 15. Qxd5 cxd5 16. Rd1 Bc4 17. Rb1 Bxa2 18. Rb7 O-O 19. Ba3 a5 20. h3 Rfb8 21. Rxe7 Rb3 22. Bd6 Rxc3 23. e6 fxe6 24. Be5 Rc2 25. Rg7+ Kf8 26. Rd3 Rc1+ 27. Kh2 Bb1 28. Rf3+ Bf5 29. g4 Re1 30. Rxh7 Ra6 31. Rc3 1-0

[Event "European Online Club-ch-F 2021"]
[Site "Online"]
[Date "2021.03.27"]
[Round "5.7"]
[White "Druska, Juraj"]
[Black "Fridman, Daniel"]
[Result "0-1"]
[ECO "B13"]
[WhiteElo "2495"]
[BlackElo "2601"]
[Annotator "ChessBase"]
[PlyCount "102"]
[EventDate "2021.03.27"]
[EventType "team-tourn"]
[EventCountry "NET"]
[SourceTitle "playchess.com"]
[Source "ChessBase"]
[SourceQuality "1"]
[TimeControl "900+5"]

1. e4 c6 2. d4 d5 3. exd5 cxd5 4. Bd3 Nc6 5. c3 Qc7 6. Ne2 Bg4 7. O-O e6 8. Qe1 Nf6 9. Bf4 Bd6 10. Bxd6 Qxd6 11. Ng3 O-O 12. h3 Bh5 13. Nxh5 Nxh5 14. Nd2 Nf4 15. Qe3 f6 16. Rfe1 e5 17. dxe5 fxe5 18. Rad1 Qf6 19. Bf1 Rad8 20. Qg3 e4 21. f3 Qe5 22. Kh1 Nd3 23. Qxe5 Ncxe5 24. Bxd3 Nxd3 25. Re2 Nxb2 26. Rb1 Na4 27. Rb3 Nc5 28. Rb5 b6 29. fxe4 dxe4 30. Nxe4 Rfe8 31. Ng3 Rxe2 32. Nxe2 Rd2 33. Nd4 Rxa2 34. Rb1 Ne4 35. c4 Nd2 36. Rc1 Ra4 37. Nb5 Nxc4 38. Nxa7 Rxa7 39. Rxc4 Rb7 40. Rb4 b5 41. Kg1 Kf7 42. Kf2 Ke6 43. Ke3 Kd5 44. Kd3 Kc5 45. Kc3 Rf7 46. Rg4 g6 47. Rg5+ Rf5 48. Rg4 Re5 49. Rh4 h5 50. g4 Re4 51. Kd3 Kd5 0-1

[Event "European Online Club-ch-F 2021"]
[Site "Online"]
[Date "2021.03.27"]
[Round "5.9"]
[White "Gokerkan, Cem Kaan"]
[Black "Maghsoodloo, Parham"]
[Result "0-1"]
[ECO "B30"]
[WhiteElo "2470"]
[BlackElo "2676"]
[Annotator "ChessBase"]
[PlyCount "88"]
[EventDate "2021.03.27"]
[EventType "team-tourn"]
[EventCountry "NET"]
[SourceTitle "playchess.com"]
[Source "ChessBase"]
[SourceQuality "1"]
[TimeControl "900+5"]

1. e4 c5 2. Nf3 Nc6 3. Bb5 e6 4. O-O Nge7 5. b3 a6 6. Bxc6 Nxc6 7. Bb2 d6 8. d4 cxd4 9. Nxd4 Bd7 10. Nd2 b5 11. Nxc6 Bxc6 12. f4 d5 13. f5 e5 14. Nf3 f6 15. Nxe5 fxe5 16. Qh5+ Kd7 17. exd5 Bb7 18. Qf7+ Kc8 19. c4 Qd7 20. Qe6 Bc5+ 21. Kh1 Re8 22. Qxd7+ Kxd7 23. f6 gxf6 24. Rxf6 bxc4 25. bxc4 e4 26. Re1 Re7 27. Bc3 e3 28. Rb1 Ra7 29. h3 e2 30. Re1 a5 31. Re6 Rxe6 32. dxe6+ Kxe6 33. Rxe2+ Kd6 34. Rd2+ Kc6 35. Rd5 Ba6 36. Bd2 Bb4 37. Bxb4 axb4 38. Ra5 Kb6 39. Ra4 Kc5 40. Kh2 Ra8 41. g4 Bb7 42. Rxa8 Bxa8 43. Kg3 Be4 44. Kf4 Bb1 0-1

[Event "European Online Club-ch-F 2021"]
[Site "Online"]
[Date "2021.03.27"]
[Round "5.10"]
[White "Amin, Bassem"]
[Black "Can, Isik"]
[Result "1-0"]
[ECO "B10"]
[WhiteElo "2695"]
[BlackElo "2380"]
[Annotator "ChessBase"]
[PlyCount "105"]
[EventDate "2021.03.27"]
[EventType "team-tourn"]
[EventCountry "NET"]
[SourceTitle "playchess.com"]
[Source "ChessBase"]
[SourceQuality "1"]
[TimeControl "900+5"]

1. e4 c6 2. d3 d5 3. Nd2 e5 4. Ngf3 Bd6 5. g3 Nf6 6. Bg2 O-O 7. O-O Re8 8. b3 a5 9. a3 d4 10. Nh4 a4 11. b4 b5 12. Rb1 Be6 13. f4 Ng4 14. f5 Ne3 15. fxe6 Nxd1 16. exf7+ Kh8 17. fxe8=Q+ Qxe8 18. Rxd1 c5 19. Nf5 Bf8 20. bxc5 Bxc5 21. Nf3 Na6 22. Rf1 b4 23. Nd2 bxa3 24. Ra1 a2 25. Nc4 Nb4 26. Rf2 Qb8 27. Ba3 Na6 28. Bxc5 Nxc5 29. Rff1 Na6 30. Rxa2 Nb4 31. Rb2 a3 32. Rb3 a2 33. Ra1 Ra4 34. Nfd6 Qc7 35. Rb2 Kg8 36. Bh3 Qe7 37. Nc8 Qc5 38. N8b6 Ra6 39. Be6+ Kh8 40. Nd5 Ra4 41. Nxb4 Rxb4 42. Rbxa2 h5 43. Ra8+ Kh7 44. h4 Rb7 45. R1a6 g6 46. Bg8+ Kg7 47. Bd5 Re7 48. Rg8+ Kh7 49. Rgxg6 Rc7 50. Rh6+ Kg7 51. Rag6+ Kf8 52. Rh8+ Ke7 53. Rh7+ 1-0

[Event "European Online Club-ch-F 2021"]
[Site "Online"]
[Date "2021.03.27"]
[Round "5.11"]
[White "Ozen, Bahadir"]
[Black "Van Wely, Loek"]
[Result "1/2-1/2"]
[ECO "A30"]
[WhiteElo "2369"]
[BlackElo "2620"]
[Annotator "ChessBase"]
[PlyCount "133"]
[EventDate "2021.03.27"]
[EventType "team-tourn"]
[EventCountry "NET"]
[SourceTitle "playchess.com"]
[Source "ChessBase"]
[SourceQuality "1"]
[TimeControl "900+5"]

1. Nf3 Nf6 2. c4 c5 3. g3 b6 4. Bg2 Bb7 5. O-O g6 6. b3 Bg7 7. Bb2 O-O 8. Nc3 d5 9. Nxd5 Nxd5 10. Bxg7 Kxg7 11. cxd5 Qxd5 12. d4 cxd4 13. Qxd4+ Qxd4 14. Nxd4 Bxg2 15. Kxg2 Rc8 16. Rac1 Nd7 17. Rfd1 Nf6 18. Nb5 Rxc1 19. Rxc1 a6 20. Nd4 Rd8 21. e3 Rd6 22. Rc6 Ne4 23. f3 Rxc6 24. Nxc6 Nc3 25. Nxe7 Nxa2 26. Nd5 Nc1 27. Nxb6 Nxb3 28. Kf2 Kf6 29. Ke2 Ke6 30. Kd3 Nc5+ 31. Kd4 Nd7 32. Nc4 h5 33. e4 Nf6 34. h4 Nd7 35. Na5 Ne5 36. f4 Nf3+ 37. Ke3 Nh2 38. Nb7 Ke7 39. f5 gxf5 40. exf5 Ng4+ 41. Kf4 Kf6 42. Nc5 a5 43. Ne4+ Kg7 44. Kg5 a4 45. Nc3 a3 46. Kxh5 Ne3 47. Na2 Nxf5 48. Kg4 Kg6 49. Kf4 Kf6 50. Nb4 Nd4 51. Na2 Kg6 52. g4 Nc6 53. Ke4 Ne7 54. Nc3 Kf6 55. Kf4 Ng6+ 56. Kg3 Ke5 57. h5 Nf8 58. g5 Kf5 59. g6 fxg6 60. hxg6 Nxg6 61. Kf3 Ke5 62. Ke3 Nf4 63. Kd2 Nd5 64. Kc2 Nxc3 65. Kxc3 a2 66. Kb2 a1=Q+ 67. Kxa1 1/2-1/2